 Dungeon Crawl Stone Soup version 0.32-a0-898-g7811c86 (webtiles) character file.

Game seed: 17572949999663505398

1979829 kasel the Rhythm of Life and Death (level 27, 156/156 HPs)
             Began as a Vine Stalker Brigand on Apr 4, 2024.
             Was a Follower of Uskayaw.
             Escaped with the Orb
             ... and 3 runes!
             The game lasted 01:32:56 (50752 turns).

kasel the Rhythm of Life and Death (VSBr)          Turns: 50752, Time: 01:32:57

Health: 156/156    AC: 31    Str: 21    XL:     27
Magic:  41/41      EV: 25    Int: 11    God:    Uskayaw [*.....]
Gold:   6206       SH: 27    Dex: 30    Spells: 26/26 levels left

rFire   + + +        G - +9 dagger (speed)
rCold   . . .        R - +5 kite shield
rNeg    + + .        a - +9 ring mail of the Villain {Str+9}
rPois   +            N - +2 hat of the Stained Jabberwock {rF+ Slay+4}
rElec   +            V - +2 cloak {rCorr}
rCorr   +            i - +2 pair of gloves
SInv    .            f - +2 pair of boots
Will    ++++.        Q - amulet "Satt" {Reflect rN++ SH+5}
Stlth   +++          E - ring of Caoxzoa {Fly rElec rPois Dex+2 Stlth+}
HPRegen 1.26/turn    c - ring "Cygedal" {rF++ Will+ Slay+3}
MPRegen 0.27/turn

%: reflection, guardian spirit
@: flying, studying 3 skills
A: fangs 3, regeneration 1, magic shield, antimagic bite, no potion heal 2,
clumsy 1, sense surroundings 1, electricity resistance, weak 1
0: Orb of Zot
}: 3/15 runes: decaying, silver, gossamer
a: Renounce Religion, Stomp


You escaped.
You worshipped Uskayaw.
Uskayaw was exalted by your worship.
You visited 10 branches of the dungeon, and saw 48 of its levels.
You also visited: Gauntlet and Wizlab.

You collected 8754 gold pieces.
You spent 2548 gold pieces at shops.

Inventory:

Hand Weapons
 G - a +9 dagger of speed (weapon)
Missiles
 d - 63 poisoned darts (quivered)
 e - 3 curare-tipped darts
 B - 15 atropa-tipped darts
 J - 6 throwing nets
Armour
 a - the +9 ring mail of the Villain (worn) {Str+9}
   (You found it on level 3 of the Dungeon)

   Str+9:     It affects your strength (+9).
 f - a +2 pair of boots (worn)
 i - a +2 pair of gloves (worn)
 N - the +2 hat of the Stained Jabberwock (worn) {rF+ Slay+4}
   (You bought it in a shop on level 2 of the Orcish Mines)

   Slay+4:    It affects your accuracy & damage with ranged weapons and melee
   (+4).
   rF+:       It protects you from fire.
 R - a +5 kite shield (worn)
 V - a +2 cloak of preservation (worn)
Jewellery
 c - the ring "Cygedal" (right hand) {rF++ Will+ Slay+3}
   (You bought it in a shop on level 10 of the Dungeon)

   [ring of willpower]

   Slay+3:    It affects your accuracy & damage with ranged weapons and melee
   (+3).
   rF++:      It greatly protects you from fire.
   Will+:     It increases your willpower.
 C - the amulet "Esibriec" {Faith rF+ rN+}
   (You found it on level 5 of the Realm of Zot)

   [amulet of faith]

   Faith:     It allows you to gain divine favour quickly.
   rF+:       It protects you from fire.
   rN+:       It protects you from negative energy.
 E - the ring of Caoxzoa (left hand) {Fly rElec rPois Dex+2 Stlth+}
   (You found it on level 2 of the Lair of Beasts)

   [ring of flight]

   Dex+2:     It affects your dexterity (+2).
   rElec:     It insulates you from electricity.
   rPois:     It protects you from poison.
   Fly:       It grants you flight.
   Stlth+:    It makes you more stealthy.
 Q - the amulet "Satt" (around neck) {Reflect rN++ SH+5}
   (You found it on level 5 of the Lair of Beasts)

   [amulet of reflection]

   Reflect:   It reflects blocked missile attacks.
   rN++:      It greatly protects you from negative energy.
   SH+5:      It affects your SH (+5).
Wands
 y - a wand of digging (19)
Scrolls
 b - 7 scrolls of enchant armour
 o - 3 scrolls of silence
 p - 4 scrolls of revelation
 r - 24 scrolls of identify
 s - 2 scrolls of poison
 t - 5 scrolls of immolation
 u - 7 scrolls of teleportation
 v - a scroll of butterflies
 x - 13 scrolls of fear
 z - a scroll of fog
 X - 2 scrolls of brand weapon
 Z - a scroll of enchant weapon
Potions
 h - 8 potions of brilliance
 j - 26 potions of curing
 k - 2 potions of might
 l - a potion of resistance
 m - 11 potions of enlightenment
 n - 4 potions of attraction
 q - 15 potions of heal wounds
 w - 7 potions of haste
 D - a potion of berserk rage
 F - 2 potions of lignification
 H - 2 potions of invisibility
 M - 8 potions of ambrosia
 O - 3 potions of mutation
 P - 3 potions of magic
Miscellaneous
 g - a lightning rod (4/4)
 A - a box of beasts
 T - a phantom mirror


   Skills:
 + Level 19.9 Fighting
 - Level 10.0 Short Blades
 - Level 6.0 Throwing
 - Level 16.5 Armour
 - Level 15.0 Dodging
 + Level 21.6 Stealth
 - Level 18.0 Shields
 O Level 27 Invocations


You had 26 spell levels left.
You didn't know any spells.
Your spell library contained the following spells:

 Spells                   Type           Power      Damage    Failure   Level
 Apportation              Tloc           0%         N/A       56%         1
 Freeze                   Ice            0%         1d3       56%         1
 Necrotise                Necr           0%         1d4       56%         1
 Slow                     Hex            0%         N/A       56%         1
 Sting                    Conj/Alch      0%         1d3       56%         1
 Call Imp                 Summ           0%         N/A       71%         2
 Cigotuvi's Dreadful Rot  Necr/Alch/Air  0%         N/A       71%         2
 Ensorcelled Hibernation  Hex/Ice        0%         N/A       71%         2
 Jinxbite                 Hex            0%         N/A       71%         2
 Mercury Vapours          Alch/Air       0%         N/A       71%         2
 Momentum Strike          Conj/Tloc      0%         3d8       71%         2
 Scorch                   Fire           0%         2d5       71%         2
 Sublimation of Blood     Necr           0%         N/A       71%         2
 Call Canine Familiar     Summ           0%         N/A       90%         3
 Confusing Touch          Hex            0%         N/A       90%         3
 Frozen Ramparts          Ice            0%         1d1       90%         3
 Fugue of the Fallen      Necr           0%         N/A       90%         3
 Hailstorm                Conj/Ice       0%         3d5       90%         3
 Inner Flame              Hex/Fire       0%         N/A       90%         3
 Ozocubu's Armour         Ice            0%         N/A       90%         3
 Passwall                 Erth           0%         N/A       90%         3
 Sigil of Binding         Hex            0%         N/A       90%         3
 Summon Ice Beast         Ice/Summ       0%         N/A       90%         3
 Swiftness                Air            0%         N/A       90%         3
 Teleport Other           Tloc           0%         N/A       90%         3
 Vampiric Draining        Necr           0%         2d6       90%         3
 Volatile Blastmotes      Fire/Tloc      0%         2d10      90%         3
 Cause Fear               Hex            0%         N/A       100%        4
 Dimensional Bullseye     Hex/Tloc       0%         N/A       100%        4
 Dispel Undead            Necr           0%         3d6       100%        4
 Flame Wave               Conj/Fire      0%         2d4       100%        4
 Fulminant Prism          Conj/Alch      0%         3d5       100%        4
 Ignite Poison            Fire/Alch      0%         N/A       100%        4
 Martyr's Knell           Necr/Summ      0%         N/A       100%        4
 Olgreb's Toxic Radiance  Alch           0%         N/A       100%        4
 Passage of Golubria      Tloc           0%         N/A       100%        4
 Sticky Flame             Fire/Alch      0%         2d4       100%        4
 Summon Blazeheart Golem  Fire/Summ      0%         N/A       100%        4
 Vhi's Electric Charge    Tloc/Air       0%         N/A       100%        4
 Alistair's Intoxication  Alch           0%         N/A       100%        5
 Borgnjor's Vile Clutch   Necr/Erth      0%         N/A       100%        5
 Curse of Agony           Necr           0%         N/A       100%        5
 Fireball                 Conj/Fire      0%         3d3       100%        5
 Freezing Cloud           Conj/Ice/Air   0%         6-21      100%        5
 Iskenderun's Battlesphe  Conj           0%         2d6       100%        5
 Metabolic Englaciation   Hex/Ice        0%         N/A       100%        5
 Summon Forest            Summ/Tloc      0%         N/A       100%        5
 Summon Mana Viper        Hex/Summ       0%         N/A       100%        5
 Bombard                  Conj/Erth      0%         9d1       100%        6
 Dispersal                Tloc           0%         N/A       100%        6
 Eringya's Noxious Bog    Alch           0%         4d6       100%        6
 Gell's Gavotte           Tloc           0%         2d(11-16) 100%        6
 Permafrost Eruption      Ice/Erth       0%         2x4d1     100%        6
 Sculpt Simulacrum        Ice/Alch       0%         N/A       100%        6
 Starburst                Conj/Fire      0%         6d3       100%        6
 Summon Cactus Giant      Summ           0%         N/A       100%        6
 Haunt                    Necr/Summ      0%         N/A       100%        7
 Manifold Assault         Tloc           0%         N/A       100%        7
 Orb of Destruction       Conj           0%         9d5       100%        7
 Ozocubu's Refrigeration  Ice            0%         4d7       100%        7
 Spellforged Servitor     Conj/Summ      0%         N/A       100%        7
 Summon Hydra             Summ           0%         N/A       100%        7
 Borgnjor's Revivificati  Necr           0%         N/A       100%        8
 Discord                  Hex            0%         N/A       100%        8
 Disjunction              Tloc           0%         N/A       100%        8
 Infestation              Necr           0%         N/A       100%        8
 Death's Door             Necr           0%         N/A       100%        9
 Dragon's Call            Summ           0%         N/A       100%        9
 Polar Vortex             Ice            0%         N/A       100%        9


Dungeon Overview and Level Annotations

Branches:
Dungeon (15/15)            Temple (1/1) D:7            Lair (5/5) D:8
  Swamp (4/4) Lair:3       Spider (4/4) Lair:2        Slime (0/5) Lair:5
    Orc (2/2) D:11            Elf (3/3) Orc:2        Vaults (5/5) D:14
  Crypt (0/3) Vaults:3     Depths (4/4) D:15            Zot (5/5) Depths:4
 WizLab (visited)         Gauntlet (visited)

Altars:
Ashenzari
Cheibriados
Dithmenos
Elyvilon
Fedhas
Gozag
Hepliaklqana
Kikubaaqudgha
Makhleb
Nemelex Xobeh
Okawaru
Qazlal
Ru
Sif Muna
Trog
Uskayaw
Vehumet
Wu Jian
Xom
Yredelemnul
Zin
The Shining One
Beogh
Jiyva

Shops:
D:9 [   D:10 *?   D:15 [   Orc:1 (   Orc:2 *[(*[[=?   Vaults:4 ?   Vaults:5 (

Portals:
Hell: Lair:5 Depths:1 Depths:2 Depths:3 Depths:4
Abyss: Depths:3 Depths:4
Pandemonium: Depths:1 Depths:2
Ziggurat: Depths:2
Trove: Depths:4 (give +7 demon blade)

Annotations:
D:5 2 transporters
Orc:2 1 runed translucent door, Lovepenguin's ghost, journeyman DECj
Elf:3 3 runed translucent doors, Digawn's ghost, journeyman FeEE


Innate Abilities, Weirdness & Mutations

You have razor-sharp teeth.
Your natural rate of healing is unusually fast.
When hurt, damage is shared between your health and your magic reserves.
Your bite disrupts and absorbs the magic of your enemies.
Potions cannot restore your health.
You are clumsy. (Dex -2)
You passively map a small area around you.
You are resistant to electric shocks. (rElec)
You are weak. (Str -2)


Message History

No target in view!
No target in view!
No target in view!
No target in view!
No target in view!
No target in view!
No target in view!
No target in view!
No target in view!
What level of the Dungeon? (default 1, ? - help) You're already here!
No target in view!
You see here 5 large rocks.
An orange demon comes into view.
You puncture the orange demon! You bite the orange demon!! You drain its power.
The orange demon is severely wounded.
You puncture the orange demon! You bite the orange demon!
You kill the orange demon!
No target in view!
No target in view!
No target in view!
You see here a frilled lizard skeleton.
A tormentor comes into view.
Unknown command.
You hit the tormentor but do no damage. You bite the tormentor!
The tormentor's magic leaks into the air.
You drain its magic.
The tormentor is moderately wounded.
Unknown command.
You hit the tormentor but do no damage. Your bite misses the tormentor.
The tormentor is moderately wounded.
You block the tormentor's attack. The tormentor misses you.
You puncture the tormentor! You bite the tormentor!
You kill the tormentor!
No target in view!
No target in view!
HP restored.
There is an open door here.
There is a staircase leading out of the dungeon here.
You have escaped!

#.....#.............#......##
#.....####..........###.#...#
####### #.#####....# #......
#######.############..#...
#...#...#..........).##..#
###.#.#.###.#########.##....
#...#...#...'.#.## #÷##.#.#
#.#####.#.###.#..####.#..#.#
#..# #...#@#.##.##...#.##.#
#.## #####.#.##.##.###(##.#
#.# #...#.##.#......##.#
##### #.###.#....#.#####.#
#...# #.....#......#####.#
#.#.#######.####(........#.#
#)#.....#...# ##...#####.#.#
#.###.###.### #.....# #.#..
#.#.....#...# #.....####....


There were no monsters in sight!

Vanquished Creatures
  7 dread liches
  5 ancient liches
  5 orbs of fire
  Sojobo (Depths:3)
  the Lernaean hydra (Swamp:4)
  Bai Suzhen (Swamp:4)
  Vv (Depths:2)
  5 caustic shrikes
  4 Killer Klowns
  2 curse toes
  Margery (Depths:3)
  Nikola (Swamp:4)
  7 golden dragons
  Norris (Vaults:2)
  Arachne (Spider:2)
  the Enchantress (Depths:1)
  2 bone dragons (Depths:4)
  13 tentacled monstrosities
  2 Tzitzimimeh
  2 electric golems (Zot:5)
  Mlioglotl (Swamp:3)
  A hellephant (Depths:3)
  2 pandemonium lords
  2 liches
  Rupert (Lair:3)
  30 Orb Guardians
  2 Hell Sentinels
  Jorgrun (D:14)
  3 deep elf master archers (Elf:3)
  A walking earthen tome (Depths:1)
  2 walking divine tomes (Depths:1)
  5 titans
  6 quicksilver dragons
  4 acid blobs (Depths:3)
  7 sphinxes
  An eldritch tentacle (WizLab)
  Aizul (Swamp:4)
  8 death cobs
  An Executioner (WizLab)
  8 tengu reavers
  16 storm dragons
  10 shadow dragons
  5 draconian knights
  A fenstrider witch (Swamp:2)
  3 azure jellies (Depths:3)
  6 draconian monks
  3 rockslimes (Depths:3)
  2 draconian shifters (Zot:1)
  3 emperor scorpions
  4 protean progenitors
  9 fire giants
  Louise (Elf:2)
  10 frost giants
  9 vault wardens
  3 iron dragons
  8 ghost moths
  10 deep elf sorcerers
  8 deep elf elementalists (Elf:3)
  2 draconian scorchers (Zot:2)
  2 cacodemons
  4 orc warlords
  10 very ugly things
  3 balrugs
  5 draconian stormcallers
  4 draconian annihilators
  8 ironbound thunderhulks
  20 ironbound preservers
  2 quicksilver oozes (Depths:3)
  3 spriggan defenders (Depths:1)
  24 stone giants
  3 reapers
  2 broodmothers
  A formless jellyfish (Vaults:3)
  8 deep elf demonologists
  12 green draconians
  4 white draconians
  5 eleionomae
  5 deep elf death magi
  4 vampire knights (Depths:4)
  A lorocyproca (Depths:3)
  11 black draconians
  12 red draconians
  Azrael (Elf:2)
  18 deep elf annihilators
  A minotaur (Gauntlet)
  10 dire elephants
  6 bunyips
  12 purple draconians
  A war gargoyle (Vaults:5)
  17 yellow draconians
  9 spark wasps
  4 crystal guardians (Vaults:3)
  14 ettins
  9 fire dragons
  A blizzard demon (D:15)
  2 shambling mangroves
  10 yaktaur captains
  3 jiangshi (Depths:4)
  Josephine (Orc:1)
  6 deep elf high priests
  8 entropy weavers
  7 ice dragons
  9 rakshasas
  A salamander tyrant (Depths:2)
  4 spriggan air magi
  18 hydras
  18 great orbs of eyes
  A jorogumo (shapeshifter) (WizLab)
  2 radroaches
  2 ghost crabs
  2 hell beasts
  30 vault guards
  10 alligators
  7 boulder beetles
  3 peacekeepers
  3 death knights
  2 catoblepae (Lair:1)
  Erica (Lair:1)
  8 ironbound frosthearts
  4 ogre magi
  9 tengu warriors
  20 centaur warriors
  19 two-headed ogres
  31 dancing weapons
  2 thrashing horrors (WizLab)
  3 two-headed ogres (shapeshifter)
  Urug (Lair:3)
  A death yak (D:8)
  6 deep troll earth magi
  4 deep troll shamans
  A vampire mage (Depths:4)
  8 occultists
  6 hell knights
  4 sun demons
  7 demonic crawlers
  An emperor scorpion zombie (WizLab)
  A shock serpent (shapeshifter) (Vaults:5)
  3 soul eaters
  24 deep elf knights
  Amaemon (Lair:1)
  7 spriggan berserkers
  18 spriggans
  7 skysharks
  6 iron trolls (Depths:1)
  4 sixfirhies
  6 pharaoh ants
  6 goliath frogs
  4 spriggan druids
  3 flayed ghosts
  A shadow wraith (WizLab)
  3 sun moths
  16 orb spiders
  8 bog bodies
  A steelbarb worm (shapeshifter) (Vaults:2)
  A deep troll (shapeshifter) (Vaults:5)
  52 deep trolls
  5 arcanists
  13 swamp dragons
  25 deep elf archers
  5 steelbarb worms
  5 glowing orange brains
  11 lindwurms
  2 obsidian statues (WizLab)
  15 ironbound convokers
  5 phantasmal warriors
  18 orc knights
  An orange crystal statue (Lair:2)
  A large abomination (WizLab)
  A thermic dynamo (Elf:2)
  39 deep elf pyromancers
  40 deep elf zephyrmancers
  A necromancer (Depths:3)
  38 wolf spiders
  46 ugly things
  6 manticores
  A shining eye (shapeshifter) (Vaults:5)
  An orc sorcerer (Orc:1)
  9 cyclopes
  3 will-o-the-wisps
  2 shining eyes (Depths:3)
  5 salamanders
  27 moths of wrath
  2 kobold blastminers (Orc:1)
  A meliai (Spider:4)
  2 rust devils
  2 worldbinders (WizLab)
  4 black mambas
  An elephant (Lair:5)
  An eye of devastation (shapeshifter) (Depths:3)
  21 vault sentinels
  13 cane toads
  2 water nymphs (Swamp:4)
  A black mamba (shapeshifter) (D:11)
  A torpor snail (shapeshifter) (WizLab)
  3 torpor snails
  3 gargoyles
  A rime drake (shapeshifter) (D:13)
  2 molten gargoyles
  10 orange demons
  4 rime drakes
  7 komodo dragons
  A minotaur zombie (Gauntlet)
  A komodo dragon (shapeshifter) (Depths:1)
  5 freezing wraiths
  16 yaktaurs
  A yaktaur (shapeshifter) (Elf:2)
  3 tormentors
  2 tengu conjurers
  Psyche (D:12)
  3 ice devils
  3 red devils
  A queen bee (Lair:1)
  2 polar bears
  16 trolls
  9 tyrant leeches
  Grinder (D:5)
  A hellwing (Lair:5)
  2 raiju (shapeshifter)
  25 tarantellas
  6 dream sheep (Lair:2)
  A glass eye (Depths:3)
  20 hornets
  31 blink frogs
  25 jumping spiders
  A raiju (WizLab)
  28 slime creatures
  2 snapping turtles (Zot:1)
  19 culicivoras
  9 wraiths
  A ynoxinul (Gauntlet)
  A slime creature (shapeshifter) (Vaults:5)
  4 vampires
  5 air elementals
  A shadow (D:13)
  9 water elementals
  54 yaks
  5 wyverns
  3 starcursed masses (WizLab)
  A yak (shapeshifter) (D:13)
  7 basilisks
  2 golden eyes (Depths:3)
  4 fire elementals
  Grum (D:10)
  A neqoxec (Zot:2)
  A steam dragon (D:9)
  3 vampire mosquitoes (Swamp:1)
  41 redbacks
  A redback (shapeshifter) (Vaults:5)
  A warg (Orc:2)
  A chaos spawn (Depths:4)
  13 swamp worms
  2 acid dragons (D:11)
  9 hell hounds
  19 water moccasins
  23 orc warriors
  8 swamp drakes
  An ice beast (D:6)
  4 black bears
  2 sky beasts (D:4)
  7 laughing skulls (Gauntlet)
  4 crocodiles (Zot:1)
  21 ogres
  2 boggarts
  13 centaurs
  10 wolves
  A phantom (D:4)
  Blork the orc (D:5)
  A weeping skull (Gauntlet)
  9 bullfrogs
  2 gnoll sergeants
  2 earth elementals (Elf:3)
  A fire bat (shapeshifter) (Vaults:5)
  5 scorpions
  12 wights
  23 killer bees
  3 electric eels
  3 howler monkeys
  4 lava snakes
  2 bombardier beetles (D:4)
  12 orc priests
  2 gnoll boudas
  2 jellies (D:7)
  4 iron imps (Gauntlet)
  A sleepcap (D:6)
  Terence (D:2)
  21 orc wizards
  2 iguanas
  2 human simulacra (D:7)
  16 gnolls
  6 adders
  2 river rats
  A shadow imp (D:5)
  2 ufetubi (D:5)
  3 dart slugs
  2 ribbon worms
  71 orcs
  5 endoplasms
  3 giant cockroaches
  5 hobgoblins
  2 kobolds (D:3)
  A quokka (D:2)
  5 ball pythons
  2 bats
  A frilled lizard (D:1)
  7 goblins
  2 rats (D:1)
  An aspiring flesh (Zot:1)
2155 creatures vanquished.

Vanquished Creatures (others)
  An eldritch tentacle (WizLab)
  A death cob (Zot:4)
  A ghost moth (Spider:4)
  A draconian annihilator (Zot:3)
  An ogre mage (D:11)
  A deep elf knight (Elf:2)
  A deep elf zephyrmancer (Elf:1)
  An unseen horror (D:11)
  2 water elementals
  An orc warrior (D:11)
  An orc wizard (Vaults:5)
  20 foxfires
32 creatures vanquished.

Grand Total: 2187 creatures vanquished

Notes
Turn   | Place    | Note
-------+----------+-------------------------------------------
     0 | D:1      | kasel the Vine Stalker Brigand began the quest for the Orb.
     0 | D:1      | Reached XP level 1. HP: 11/11 MP: 2/2
   157 | D:1      | Reached skill level 1 in Dodging
   157 | D:1      | Reached XP level 2. HP: 15/15 MP: 3/3
   227 | D:1      | Reached skill level 5 in Stealth
   686 | D:2      | Noticed Terence
   698 | D:2      | Killed Terence
   699 | D:2      | Reached XP level 3. HP: 3/19 MP: 0/4
  1022 | D:2      | Reached XP level 4. HP: 23/23 MP: 5/5
  1359 | D:3      | Identified the +9 ring mail of the Villain {Str+9}
  1575 | D:3      | Found a burning altar of Makhleb.
  1575 | D:3      | Noticed a green death
  2055 | D:4      | Noticed a phantom
  2075 | D:4      | Killed a phantom
  2076 | D:4      | Reached XP level 5. HP: 28/28 MP: 3/6
  2398 | D:4      | Found a stormy altar of Qazlal.
  2398 | D:4      | Noticed a sky beast
  2408 | D:4      | Killed a sky beast
  2409 | D:4      | Reached XP level 6. HP: 33/33 MP: 7/7
  2497 | D:4      | Noticed a sky beast
  2510 | D:4      | Killed a sky beast
  2511 | D:4      | Reached XP level 7. HP: 35/38 MP: 8/8
  2797 | D:4      | Reached skill level 5 in Fighting
  2797 | D:4      | Reached skill level 5 in Short Blades
  2820 | D:4      | Found an opulent altar of Gozag.
  2990 | D:4      | Found a radiant altar of Vehumet.
  3165 | D:5      | Entered Level 5 of the Dungeon
  3165 | D:5      | Noticed Grinder
  3169 | D:5      | Killed Grinder
  3205 | D:5      | You fall into a shaft and drop 3 floors!
  3213 | D:8      | Noticed a yak
  3231 | D:8      | Noticed a wyvern
  3242 | D:8      | Killed a wyvern
  3243 | D:8      | Gained mutation: You have razor-sharp teeth. [Vine Stalker
                  | growth]
  3243 | D:8      | Reached XP level 8. HP: 33/44 MP: 7/9
  3661 | D:8      | Found a staircase to the Lair.
  3663 | D:8      | Noticed a yak
  3663 | D:8      | Noticed a yak
  3664 | D:8      | Noticed a death yak
  3760 | D:7      | Found a staircase to the Ecumenical Temple.
  3803 | Temple   | Entered the Ecumenical Temple
  3819 | Temple   | Became a worshipper of Uskayaw the Reveller
  3988 | D:7      | Reached * piety under Uskayaw
  4173 | D:5      | Reached ** piety under Uskayaw
  4209 | D:5      | Identified the +1 pair of gloves "Kyki" {rPois rF++ Str+2
                  | Dex-2}
  4269 | D:5      | Found a transporter.
  4286 | D:5      | Reached XP level 9. HP: 50/50 MP: 10/10
  4310 | D:5      | Found a transporter.
  4362 | D:5      | Reached *** piety under Uskayaw
  4367 | D:5      | Reached **** piety under Uskayaw
  4405 | D:5      | Noticed Blork the orc
  4420 | D:5      | Killed Blork the orc
  4436 | D:5      | Noticed a kobold demonologist
  4542 | D:5      | Found a sacrificial altar of Ru.
  4809 | D:6      | Reached ***** piety under Uskayaw
  5608 | D:7      | Found a shimmering blue altar of Sif Muna.
  5928 | D:8      | Reached skill level 1 in Invocations
  5928 | D:8      | Reached XP level 10. HP: 51/58 MP: 10/12
  5933 | D:8      | Reached skill level 2 in Invocations
  5996 | D:8      | Reached skill level 3 in Invocations
  6020 | D:8      | Killed a death yak
  6021 | D:8      | Reached skill level 4 in Invocations
  6024 | D:8      | Reached ****** piety under Uskayaw
  6273 | D:9      | Identified a scroll of acquirement
  6273 | D:9      | Acquired a manual of Armour
  6331 | D:9      | Noticed a two-headed ogre
  6343 | D:9      | Killed a two-headed ogre
  6344 | D:9      | Reached skill level 5 in Throwing
  6374 | D:9      | Found a white marble altar of Elyvilon.
  6404 | D:9      | Reached skill level 5 in Invocations
  6505 | D:9      | Found a blossoming altar of Fedhas.
  6506 | D:9      | Found a basalt altar of Yredelemnul.
  6508 | D:9      | Found an ornate altar of the Wu Jian Council.
  6549 | D:9      | Noticed a two-headed ogre
  6566 | D:9      | Killed a two-headed ogre
  6567 | D:9      | Reached XP level 11. HP: 61/62 MP: 16/16
  6649 | D:9      | Reached skill level 6 in Invocations
  6659 | D:9      | Found Affymoad's Armour Emporium.
  6926 | D:10     | Entered Level 10 of the Dungeon
  6951 | D:10     | Reached skill level 5 in Armour
  7082 | D:10     | Found Guhizip's Magic Scroll Emporium.
  7086 | D:10     | Found Ukaekh's General Store.
  7158 | D:10     | Noticed a two-headed ogre
  7160 | D:10     | Noticed a two-headed ogre
  7174 | D:10     | Killed a two-headed ogre
  7175 | D:10     | Killed a two-headed ogre
  7176 | D:10     | Reached skill level 7 in Invocations
  7250 | D:10     | Noticed Grum
  7266 | D:10     | Killed Grum
  8025 | Lair:1   | Entered Level 1 of the Lair of Beasts
  8108 | Lair:1   | Noticed a catoblepas
  8123 | Lair:1   | Killed a catoblepas
  8242 | Lair:1   | Noticed a catoblepas
  8264 | Lair:1   | Killed a catoblepas
  8265 | Lair:1   | Reached skill level 8 in Invocations
  8265 | Lair:1   | Reached XP level 12. HP: 30/66 MP: 6/19
  8445 | Lair:1   | Noticed Amaemon
  8463 | Lair:1   | Killed Amaemon
  8519 | Lair:1   | Noticed Erica
  8538 | Lair:1   | Killed Erica
  8548 | Lair:1   | Reached skill level 9 in Invocations
  9145 | Lair:2   | Reached skill level 10 in Armour
  9198 | Lair:2   | Found a hole to the Spider Nest.
  9266 | Lair:2   | Reached skill level 10 in Invocations
  9417 | Lair:2   | Identified the ring of Caoxzoa {Fly rElec rPois Dex+2
                  | Stlth+}
  9601 | Lair:2   | Found a dark tunnel.
  9655 | Lair:2   | Reached XP level 13. HP: 59/70 MP: 17/21
  9804 | Lair:2   | Reached skill level 10 in Short Blades
 10260 | Lair:3   | Reached skill level 11 in Invocations
 10326 | Lair:3   | Found a staircase to the Swamp.
 10507 | Lair:3   | Noticed Urug
 10546 | Lair:3   | Killed Urug
 10791 | Lair:3   | Noticed Rupert
 10802 | Lair:3   | Killed Rupert
 11150 | Lair:4   | Reached skill level 5 in Dodging
 11433 | Lair:4   | Reached skill level 12 in Invocations
 11676 | Lair:5   | Entered Level 5 of the Lair of Beasts
 11869 | Lair:5   | Reached XP level 14. HP: 46/75 MP: 15/24
 11974 | Lair:5   | Found a staircase to the Slime Pits.
 11974 | Lair:5   | Found a viscous altar of Jiyva.
 11994 | Lair:5   | Reached skill level 13 in Invocations
 12263 | Lair:5   | Identified the amulet "Satt" {Reflect rN++ SH+5}
 12503 | D:10     | Bought the ring "Cygedal" {rF++ Will+ Slay+3} for 931 gold
                  | pieces
 12805 | Lair:5   | Noticed a dire elephant
 12818 | Lair:5   | Killed a dire elephant
 12819 | Lair:5   | Reached skill level 1 in Shields
 12852 | Lair:5   | Found a burning altar of Makhleb.
 12880 | Lair:5   | Found a gateway to Hell.
 13597 | D:11     | Found a blossoming altar of Fedhas.
 13706 | D:11     | Noticed a frost giant
 13959 | D:11     | Identified the +6 trident of Evisceration {speed, Str+5
                  | SInv}
 14099 | D:11     | Reached skill level 14 in Invocations
 14113 | D:11     | Killed a frost giant
 14123 | D:11     | Identified the ring "Usukhim" {SInv Stlth+}
 14124 | D:11     | Reached XP level 15. HP: 70/79 MP: 26/26
 14165 | D:11     | Reached skill level 5 in Shields
 14589 | D:11     | Found a staircase to the Orcish Mines.
 14785 | Orc:1    | Entered Level 1 of the Orcish Mines
 14844 | Orc:1    | Noticed Josephine
 14868 | Orc:1    | Killed Josephine
 14929 | Orc:1    | Found a roughly hewn altar of Beogh.
 15192 | Orc:2    | Entered Level 2 of the Orcish Mines
 15312 | Orc:2    | Reached skill level 15 in Invocations
 15516 | Orc:2    | Found Fabb's Antique Armour Boutique.
 15518 | Orc:2    | Found Cicaro Orcha's Antique Armour Shoppe.
 15520 | Orc:2    | Found Cas Luat's Weapon Shoppe.
 15522 | Orc:2    | Found Wasidikk's Assorted Antiques.
 15524 | Orc:2    | Bought an ancient hat for 288 gold pieces
 15524 | Orc:2    | Identified the +2 hat of the Stained Jabberwock {rF+
                  | Slay+4} (You bought it in a shop on level 2 of the Orcish
                  | Mines)
 15583 | Orc:2    | Found Okeg's General Store.
 15594 | Orc:2    | Bought a scroll of enchant armour for 97 gold pieces
 15798 | Orc:2    | Found Keam's Jewellery Emporium.
 15859 | Orc:2    | Found a staircase to the Elven Halls.
 15968 | Orc:2    | Found Mugres's Magic Scroll Shoppe.
 16109 | Orc:1    | Found Hezeo's Antique Weapon Emporium.
 16289 | Orc:2    | Found a runed translucent door.
 16290 | Orc:2    | Noticed Lovepenguin's ghost (journeyman DECj)
 16304 | Orc:2    | Found Muopteod's Armour Shop.
 16549 | D:12     | Noticed Psyche
 16575 | D:12     | Killed Psyche
 17561 | D:14     | Found a gate leading to a gauntlet.
 17575 | Gauntlet | Entered a Gauntlet
 17575 | Gauntlet | Found a transporter.
 17575 | Gauntlet | Found a transporter.
 17586 | Gauntlet | Found a transporter.
 17591 | Gauntlet | Found a transporter.
 17599 | Gauntlet | Found a transporter.
 17603 | Gauntlet | Found a transporter.
 17609 | Gauntlet | Found a runed translucent gate.
 17609 | Gauntlet | Found a runed translucent gate.
 17609 | Gauntlet | Found a runed translucent gate.
 17611 | Gauntlet | Found a transporter.
 17623 | Gauntlet | Found the +0 cloak of the Thief {Quiet Slay-3 SInv Stlth+}
 17631 | Gauntlet | Found a transporter.
 17649 | Gauntlet | Found a transporter.
 17653 | Gauntlet | Found a transporter.
 17664 | Gauntlet | Found a transporter.
 17665 | Gauntlet | Found a transporter.
 17789 | Gauntlet | Identified the +0 pair of gloves of the True Pharaoh {Fly
                  | SInv}
 17826 | Gauntlet | Identified the +10 spear "Eshru" {freeze, +Blink rPois rC+
                  | Int-5}
 17850 | Gauntlet | Reached skill level 16 in Invocations
 17850 | Gauntlet | Reached XP level 16. HP: 83/84 MP: 27/29
 17974 | D:14     | Found the +8 mithril axe "Arga" {speed, Will+}
 18087 | D:14     | Noticed Jorgrun
 18094 | D:14     | Killed Jorgrun
 18533 | D:14     | Found a gate to the Vaults.
 18576 | D:15     | Entered Level 15 of the Dungeon
 18613 | D:15     | Reached skill level 10 in Shields
 18665 | D:15     | Found Gierestry's Armour Shop.
 18829 | D:15     | Found a staircase to the Depths.
 18905 | D:15     | Reached skill level 17 in Invocations
 19750 | Spider:1 | Entered Level 1 of the Spider Nest
 20348 | Spider:1 | Reached skill level 18 in Invocations
 20895 | Spider:2 | Reached skill level 10 in Stealth
 20986 | Spider:2 | Noticed Arachne
 20997 | Spider:2 | Killed Arachne
 20998 | Spider:2 | Reached XP level 17. HP: 88/88 MP: 31/31
 21167 | Spider:2 | Reached skill level 10 in Fighting
 22844 | Spider:4 | Entered Level 4 of the Spider Nest
 23268 | Spider:4 | Reached XP level 18. HP: 89/98 MP: 28/32
 23683 | Spider:4 | Reached skill level 15 in Stealth
 23707 | Spider:4 | Found the +3 Mad Mage's Maulers {Infuse+∞ VampMP -Cast}
 23743 | Spider:4 | Got a gossamer rune of Zot
 23744 | Spider:4 | Identified the +0 hat of Freedom {rElec Slay+2}
 23983 | Swamp:1  | Entered Level 1 of the Swamp
 24562 | Swamp:2  | Found a glacial archway.
 25419 | Swamp:3  | Reached skill level 15 in Fighting
 25536 | Swamp:3  | Noticed Mlioglotl
 25549 | Swamp:3  | Killed Mlioglotl
 25933 | Swamp:4  | Entered Level 4 of the Swamp
 25952 | Swamp:4  | Noticed Nikola
 25971 | Swamp:4  | Killed Nikola
 25972 | Swamp:4  | Reached XP level 19. HP: 108/108 MP: 33/33
 25990 | Swamp:4  | Identified the serpent talisman "Ybes" {rElec Dex+2}
 25990 | Swamp:4  | Noticed Aizul
 25999 | Swamp:4  | Killed Aizul
 26204 | Swamp:4  | Reached skill level 10 in Dodging
 26325 | Swamp:4  | Got the Catalogue of Viperous Elsewhere
 26803 | Swamp:4  | Noticed Bai Suzhen
 26813 | Swamp:4  | Noticed the 27-headed Lernaean hydra
 26824 | Swamp:4  | Killed the 27-headed Lernaean hydra
 26825 | Swamp:4  | Killed Bai Suzhen
 26943 | Swamp:4  | Got a decaying rune of Zot
 27381 | Vaults:1 | Entered Level 1 of the Vaults
 27542 | Vaults:1 | Reached skill level 19 in Invocations
 28121 | Vaults:1 | Got the Collected Works on Cinders and Malediction
 28437 | Vaults:1 | Got the Atlas of Dust
 28685 | D:15     | Bought a +0 pair of gloves for 54 gold pieces
 28867 | Vaults:2 | Reached XP level 20. HP: 113/113 MP: 34/34
 28965 | Vaults:2 | Noticed Norris
 28981 | Vaults:2 | Killed Norris
 29828 | Vaults:2 | Reached skill level 20 in Invocations
 29838 | Vaults:2 | Identified the +5 sling of Wu Jian's Generosity {flame, rC+
                  | Int+3}
 29966 | Vaults:3 | Found a magical portal.
 29978 | WizLab   | Entered The Roulette of Golubria
 29978 | WizLab   | Found a transporter.
 29981 | WizLab   | Found a corrupted altar of Lugonu.
 30019 | WizLab   | Found a transporter.
 30034 | WizLab   | Found a transporter.
 30036 | WizLab   | Found a corrupted altar of Lugonu.
 30057 | WizLab   | Found a transporter.
 30059 | WizLab   | Found a transporter.
 30124 | WizLab   | Found a transporter.
 30240 | WizLab   | Found a transporter.
 30317 | WizLab   | Found a transporter.
 30319 | WizLab   | Found a transporter.
 30352 | WizLab   | Found a transporter.
 30381 | WizLab   | Found a corrupted altar of Lugonu.
 30397 | WizLab   | Found a transporter.
 30398 | WizLab   | Found a transporter.
 30400 | WizLab   | Found a corrupted altar of Lugonu.
 30516 | WizLab   | Identified the +2 cloak of the Weaver {rElec rPois}
 30518 | WizLab   | Identified the +0 cloak of the Stone Wall {*Slow rF+++
                  | Str+3 Dex-4}
 30531 | WizLab   | Got Golubria's Disquisition on Orientation
 30562 | WizLab   | Found a transporter.
 30562 | WizLab   | Found a transporter.
 30592 | WizLab   | Found a transporter.
 30592 | WizLab   | Found a transporter.
 30646 | WizLab   | Found a transporter.
 30651 | WizLab   | Found a transporter.
 30841 | Vaults:3 | Found a staircase to the Crypt.
 31375 | Vaults:3 | Reached XP level 21. HP: 117/117 MP: 36/36
 31391 | Vaults:3 | Reached skill level 15 in Dodging
 32232 | Vaults:4 | Found Joureare's Magic Scroll Shop.
 32267 | Vaults:4 | Bought a scroll of acquirement for 988 gold pieces
 32267 | Vaults:4 | Bought a scroll of fog for 76 gold pieces
 32290 | Vaults:4 | Acquired 922 gold pieces
 32544 | Vaults:4 | Reached skill level 21 in Invocations
 33581 | Elf:1    | Entered Level 1 of the Elven Halls
 33596 | Elf:1    | Found a radiant altar of Vehumet.
 34473 | Elf:2    | Reached XP level 22. HP: 122/122 MP: 37/37
 34476 | Elf:2    | Found a runed translucent gate.
 34476 | Elf:2    | Found a runed translucent gate.
 34476 | Elf:2    | Found a runed translucent gate.
 34685 | Elf:1    | Reached skill level 22 in Invocations
 34694 | Elf:1    | Found a radiant altar of Vehumet.
 34827 | Elf:2    | Noticed Louise
 34847 | Elf:2    | Killed Louise
 35384 | Elf:2    | Noticed Azrael
 35394 | Elf:2    | Killed Azrael
 35639 | Elf:3    | Entered Level 3 of the Elven Halls
 35812 | Elf:3    | Found a runed translucent gate.
 35812 | Elf:3    | Found a runed translucent gate.
 36158 | Elf:3    | Found a runed translucent gate.
 36163 | Elf:3    | Noticed Digawn's ghost (journeyman FeEE)
 36470 | Elf:3    | Reached skill level 23 in Invocations
 36578 | Elf:3    | Reached skill level 15 in Shields
 36587 | Elf:3    | Reached XP level 23. HP: 117/126 MP: 39/39
 36738 | Elf:3    | Got the Lectures on Hindering Toxicology
 36771 | Elf:3    | Identified the +1 orcbow "Doadaug" {heavy, rElec Int+5}
 36775 | Elf:3    | Identified the staff "Qaweh" {rPois Conj Fire Alchemy}
 36777 | Elf:3    | Identified the amulet of Legala {Reflect *Corrode rF+ MP+9
                  | SH+5}
 36804 | Elf:3    | Found the ring of the Mage {Wiz Archmagi}
 36843 | Elf:3    | Identified the +5 longbow "Pusol" {flame, ^Fragile Int+4
                  | SInv}
 36846 | Elf:3    | Identified the staff "Miesh" {^Fragile rElec rC+ rN+ SInv
                  | Necro}
 36849 | Elf:3    | Identified the +0 scale mail of the Chupacabra {rElec
                  | Dex+2}
 37374 | Depths:1 | Entered Level 1 of the Depths
 37524 | Depths:1 | Noticed the Enchantress
 37538 | Depths:1 | Killed the Enchantress
 37539 | Depths:1 | Reached skill level 24 in Invocations
 37655 | Depths:1 | Got the Compilation of Evil Firn
 38219 | Depths:1 | Identified the +0 ring mail of the Ten Glowing Queens
                  | {Rampage rC+ rN+}
 38279 | Depths:1 | Found a one-way gate leading to the halls of Pandemonium.
 38639 | Depths:2 | Noticed a caustic shrike
 38648 | Depths:2 | Killed a caustic shrike
 38682 | Depths:2 | Noticed Vv
 38693 | Depths:2 | Killed Vv
 39127 | Depths:2 | Found a one-way gateway to a ziggurat.
 39322 | Depths:3 | Reached XP level 24. HP: 121/133 MP: 40/40
 39808 | Depths:3 | Found a one-way gate to the infinite horrors of the Abyss.
 39937 | Depths:3 | Noticed Sojobo
 39957 | Depths:3 | Killed Sojobo
 40057 | Depths:3 | Found a hazy altar of Hepliaklqana.
 40313 | Depths:3 | Gained mutation: You are vulnerable to cold. (rC-) [a
                  | shining eye]
 40320 | Depths:3 | Noticed Margery
 40339 | Depths:3 | Killed Margery
 40409 | Depths:3 | Reached skill level 25 in Invocations
 40487 | Depths:3 | Identified the ring of Kaemuet {rF++ rC+ Str-2 SInv}
 40696 | Depths:4 | Entered Level 4 of the Depths
 41059 | Depths:4 | Found a gate to the Realm of Zot.
 41270 | Depths:4 | Noticed a caustic shrike
 41270 | Depths:4 | Noticed a caustic shrike
 41270 | Depths:4 | Noticed a caustic shrike
 41274 | Depths:4 | Noticed a caustic shrike
 41287 | Depths:4 | Killed a caustic shrike
 41310 | Depths:4 | Killed a caustic shrike
 41317 | Depths:4 | Killed a caustic shrike
 41323 | Depths:4 | Killed a caustic shrike
 41726 | Depths:4 | Reached XP level 25. HP: 142/142 MP: 40/40
 41734 | Depths:4 | Found a portal to a secret trove of treasure.
 42295 | Vaults:5 | Entered Level 5 of the Vaults
 42304 | Vaults:5 | Reached skill level 26 in Invocations
 42350 | Vaults:5 | Noticed an ancient lich
 42363 | Vaults:5 | Killed an ancient lich
 42404 | Vaults:5 | HP: 7/142 [stone giant (4)]
 42406 | Vaults:5 | HP: 2/142 [titan/the air (4)]
 42413 | Vaults:5 | HP: 6/142 [titan/the air (5)]
 42426 | Vaults:5 | Noticed a dread lich
 42429 | Vaults:5 | Killed a dread lich
 42555 | Vaults:5 | Identified the +8 chain mail of Starshine {rF+ Will+
                  | Stlth+}
 42573 | Vaults:5 | Identified the staff "Luthuuc" {*Corrode +Blink rPois rF+
                  | Will+ Fire}
 42611 | Vaults:5 | Reached skill level 27 in Invocations
 42684 | Vaults:5 | Noticed a dread lich
 42694 | Vaults:5 | Killed a dread lich
 42872 | Vaults:5 | Lost mutation: You are vulnerable to cold. (rC-) [potion of
                  | mutation]
 42872 | Vaults:5 | Gained mutation: You passively map a small area around you.
                  | [potion of mutation]
 42872 | Vaults:5 | Gained mutation: You are resistant to electric shocks.
                  | (rElec) [potion of mutation]
 43138 | Vaults:5 | Found Moesm's Weapon Shoppe.
 43447 | Vaults:5 | Identified the +1 cloak of Rifuq {Str+5}
 43450 | Vaults:5 | Got a silver rune of Zot
 43526 | Vaults:5 | Noticed a dread lich
 43692 | Vaults:5 | Killed a dread lich
 44317 | Zot:1    | Entered Level 1 of the Realm of Zot
 44409 | Zot:1    | Reached XP level 26. HP: 125/147 MP: 41/41
 45657 | Zot:2    | Found a viscous altar of Jiyva.
 45681 | Zot:2    | Identified the ring "Ragouq" {EV+5 Int+7}
 46063 | Zot:3    | Noticed an orb of fire
 46064 | Zot:3    | Killed an orb of fire
 46132 | Zot:3    | HP: 2/147 [shadow dragon (15)]
 47354 | Vaults:4 | Bought a scroll of teleportation for 57 gold pieces
 47354 | Vaults:4 | Bought a scroll of teleportation for 57 gold pieces
 48100 | Zot:4    | Noticed an orb of fire
 48100 | Zot:4    | Noticed a Killer Klown
 48104 | Zot:4    | Reached skill level 15 in Armour
 48105 | Zot:4    | Gained mutation: You are weak. (Str -2) [an orb of fire]
 48108 | Zot:4    | Killed an orb of fire
 48123 | Zot:4    | Killed a Killer Klown
 48297 | Zot:4    | Reached XP level 27. HP: 139/151 MP: 37/41
 48555 | Zot:5    | Entered Level 5 of the Realm of Zot
 49030 | Zot:5    | Noticed a dread lich
 49036 | Zot:5    | Noticed a dread lich
 49036 | Zot:5    | Noticed an ancient lich
 49039 | Zot:5    | Noticed an orb of fire
 49041 | Zot:5    | Noticed an ancient lich
 49042 | Zot:5    | Killed a dread lich
 49042 | Zot:5    | Noticed an ancient lich
 49056 | Zot:5    | Killed an orb of fire
 49058 | Zot:5    | Killed an ancient lich
 49059 | Zot:5    | Killed an ancient lich
 49075 | Zot:5    | Killed an ancient lich
 49075 | Zot:5    | Noticed a dread lich
 49120 | Zot:5    | Killed a dread lich
 49158 | Zot:5    | Killed a dread lich
 49328 | Zot:5    | Identified the amulet "Esibriec" {Faith rF+ rN+}
 49380 | Zot:5    | Noticed an orb of fire
 49383 | Zot:5    | Noticed an orb of fire
 49392 | Zot:5    | Killed an orb of fire
 49394 | Zot:5    | Gained mutation: You are clumsy. (Dex -2) [an orb of fire]
 49395 | Zot:5    | Noticed an ancient lich
 49398 | Zot:5    | Killed an orb of fire
 49400 | Zot:5    | Noticed a dread lich
 49422 | Zot:5    | Killed a dread lich
 49423 | Zot:5    | Killed an ancient lich
 49676 | Zot:5    | Got the Orb of Zot
 49975 | Depths:4 | Noticed Wohig the pandemonium lord
 49996 | Depths:4 | Killed Wohig the pandemonium lord
 50260 | D:14     | Noticed Nohuwoz the pandemonium lord
 50447 | D:8      | Noticed Cibegheu the pandemonium lord
 50466 | D:8      | Noticed Upeanlid the pandemonium lord
 50520 | D:7      | Killed Upeanlid the pandemonium lord
 50752 | D:$      | Escaped with the Orb!

Illustrated notes

Levels and vault maps discovered:
D:1:      elethiomel_arrival_maze, layout_rooms, serial_glass, glass_columns_b,
          glass_columns_c
D:2:      layout_loops_ring, uniq_terence
D:3:      corexii_shack_village, layout_loops_ring, makhleb_altar_promises_db
D:4:      layout_layer_cave, nicolae_qazlal_beasts_of_the_sky,
          mainiacjoe_overflow_six_doors_small, kennysheep_little_box,
          portal_sewer_entry_d, kennysheep_generic_room_11
D:5:      gammafunk_wand_slinger, layout_rooms, nicolae_ru_the_path_less_chosen,
          uniq_blork_the_orc, uniq_grinder
D:6:      layout_basic, minmay_misc_feat_room, solitary_fountain
D:7:      layout_loops_ring, lemuel_doored_altar,
          minmay_temple_entry_nine_rooms, bh_circular_ruins
D:8:      layout_rooms, dpeg_lair_monsters
D:9:      layout_basic, elyvilon_altar_3,
          chequers_temple_overflow_statue_of_worship, serial_shops,
          nicolae_shop_stone
D:10:     layout_basic, nicolae_wooded_promenade, nicolae_figureground_sparkle,
          uniq_grum
D:11:     minmay_the_grid_square_5x5_5x5_mashed
          [minmay_the_grid_square_5x5_beaten_path,
          minmay_the_grid_square_5x5_three_walls,
          minmay_the_grid_square_5x5_tri_point,
          minmay_the_grid_square_5x5_fancy_junction,
          minmay_the_grid_square_5x5_empty,
          minmay_the_grid_square_5x5_almost_minimal,
          minmay_the_grid_square_5x5_prize_deathbox,
          minmay_the_grid_square_5x5_two_walls_a,
          minmay_the_grid_square_5x5_prize_monsterx,
          minmay_the_grid_square_5x5_broken_cross,
          minmay_the_grid_square_5x5_eight_small,
          minmay_the_grid_square_5x5_one_wall,
          minmay_the_grid_square_5x5_prize_open,
          minmay_the_grid_square_5x5_doubleslash,
          minmay_the_grid_square_5x5_hourglass,
          minmay_the_grid_square_5x5_six_small,
          minmay_the_grid_square_5x5_prize_gold,
          minmay_the_grid_square_5x5_inner_i,
          minmay_the_grid_square_5x5_prize_rear_guard,
          minmay_the_grid_square_5x5_inner_v, minmay_the_grid_square_5x5_c,
          minmay_the_grid_square_5x5_n_small,
          minmay_the_grid_square_5x5_inner_z,
          minmay_the_grid_square_5x5_minibox, minmay_the_grid_square_5x5_inset],
          layout_rooms, david_orc_4, fedhas_altar_4
D:12:     layout_long_grid, uniq_psyche
D:13:     layout_rooms
D:14:     layout_loops_ring, david_vaults_4, nicolae_twisty_statue_hallways,
          gauntlet_entry_generic, serial_glass, glass_columns_a,
          glass_columns_b, glass_columns_b, glass_columns_b, glass_columns_b,
          glass_columns_a, glass_columns_a, glass_columns_a,
          minmay_strange_pillars, item_on_display_a, corexii_corridor_pit,
          uniq_jorgrun
D:15:     gammafunk_enter_depths_forms, layout_gridville, serial_shops, shop,
          lemuel_old_faithful
Temple:   nicolae_temple_hex_pool
Lair:1:   layout_small_grid, special_room [special_room_bee],
          grunt_megastairs_3, lemuel_fruit_fields, uniq_amaemon, uniq_erica
Lair:2:   layout_cave_pods, spider_nest_entry_web_field, enter_volcano_1,
          disabler_island, lemuel_fruit_fields
Lair:3:   layout_long_grid, skrybe_swamp_entry_bodies, uniq_rupert, uniq_urug
Lair:4:   layout_gridlike
Lair:5:   evil_forest, layout_cave_shapes, slime_entry_1
Swamp:1:  layout_basic_swamp, evilmike_swamp_ruin_rubble_2, swamp_pool_3
Swamp:2:  layout_basic_swamp, portal_ice_cave_entry_ugly_swarm,
          serial_swamp_ruin, evilmike_swamp_ruin_house_3,
          evilmike_swamp_ruin_house_2, swamp_pool_1_2,
          nicolae_swamp_small_spring, st_swamp_mini, infiniplex_staircase_pool_2
Swamp:3:  layout_basic_swamp, evilmike_swamp_ruin_house_4,
          infiniplex_staircase_pool, uniq_mlioglotl
Swamp:4:  swamp_old_school, layout_basic_swamp, swamp_pool_1_2,
          nicolae_swamp_nymph_family_reunion, uniq_aizul, uniq_bai_suzhen,
          uniq_nikola
Spider:1: layout_chambers
Spider:2: layout_spider_delve, uniq_arachne
Spider:3: layout_chambers, nicolae_arachne_temple
Spider:4: grunt_spider_rune_parallel
Orc:1:    layout_diamond_mine, serial_shops, shop, basic_altar, uniq_josephine
Orc:2:    st_orc_open, layout_diamond_mine, gammafunk_ghost_grave, serial_shops,
          nicolae_shop_rolling_square, nicolae_shop_behind_doors, shop,
          nicolae_shop_tiny_waterfront
Elf:1:    eino_elf_arrival_altar, layout_gridlike, hangedman_elf_disciples,
          grunt_megastairs_2, lemuel_upstairs_altar
Elf:2:    nicolae_elf_blades_crystal_corner, layout_gridlike, uniq_azrael,
          uniq_louise
Elf:3:    minmay_elf_hall_four_x, layout_geoelf_castle,
          gammafunk_ghost_fury_of_okawaru, nicolae_elf_v_pinch
Vaults:1: dpeg_vaults_hating_casters, grunt_vaults_funnel, vaults_mumra_chevron,
          vaults_room_hallway, nicolae_vaults_trapezoid_layered,
          nicolae_vaults_wine_cellar, nicolae_vaults_diamond_2,
          vaults_room_grunt_arrival_ludios, layout_vaults_omnigrid
Vaults:2: nicolae_vaults_little_squares_2, nicolae_vaults_closet_pinwheel_4,
          ontoclasm_vaults_shuriken, vaults_mumra_chevron_long,
          ontoclasm_vaults_idyll, vaults_room_grid, vaults_mumra_hex,
          nicolae_vaults_sesquioval_fish, nicolae_vaults_what_the_h,
          vaults_dpeg_encased_lava, vaults_room_grid, v_misc_18,
          nicolae_vaults_surprise_closet, layout_vaults_maze_snakey, uniq_norris
Vaults:3: infiniplex_enter_wizlab_glasses, nicolae_vaults_display_case,
          blue_anna_dwarven_crypt, nicolae_vaults_little_squares_5,
          v_alt_pattern_5, nicolae_vaults_ninety_degrees,
          grunt_vaults_trifunnel, nicolae_vaults_network_periphery,
          v_alt_pattern_6, nicolae_vaults_network_s, v_misc_22,
          ontoclasm_vaults_fault, layout_vaults_omnibox
Vaults:4: nicolae_vaults_disjoint_gnomons, nicolae_vaults_stairing_the_circle,
          nicolae_vaults_yaktaur_gun_rack, nicolae_vaults_little_squares_1,
          serial_library_hellmonk_open_square, nicolae_vaults_cochlea,
          nicolae_vaults_little_squares_4, nicolae_vaults_tetromino_L_1,
          hangedman_vaults_nails, layout_vaults_chaotic_city, serial_shops,
          nicolae_shop_crystal
Vaults:5
Depths:1: layout_basic, nicolae_tricolors, grunt_pan_entry_in_and_out,
          hell_entry, serial_library_regret_index_headful, uniq_enchantress
Depths:2: minmay_box_of_statues, layout_cave_pools, enter_ziggurat_f,
          hellmouth_1, pan_entry, kennysheep_big_empty_room,
          serial_bayou_shore_b, infiniplex_staircase_pool_lava, uniq_vv
Depths:3: cheibrodos_salmonella, layout_cave_shapes,
          hangedman_abyss_entry_splay, hell_entry, special_room
          [special_room_jelly], grunt_decor_one_mirror,
          nicolae_hepliaklqana_hippocampus, uniq_margery, uniq_sojobo
Depths:4: evilmike_zot_entry_hall, layout_gridlike,
          regret_index_abyss_entry_earlier_magic, hangedman_geh_valley,
          enter_trove_6, minmay_misc_feat_columns, minivault_14
Zot:1:    layout_misc_corridors, grunt_megastairs_4
Zot:2:    layout_onion, regret_index_zotdec_slimy_original
Zot:3:    layout_misc_corridors, lemuel_baited_zot_trap, st_stairs_8,
          lemuel_elevator
Zot:4:    kennysheep_ambush_hall, layout_onion
Zot:5:    layout_misc_corridors, grunt_ministairs_3

Skill      XL: |  1  2  3  4  5  6  7  8  9 10 11 12 13 14 15 16 17 18 19 20 21 22 23 24 25 26 27 |
---------------+----------------------------------------------------------------------------------+-----
Dodging        | 1 6 9 12 14 15 | 15.0
Short Blades   | 2 3 4 6 7 9 10 | 10.0
Throwing       | 2 5 6 |  6.0
Stealth        | 5 8 9 10 14 15 17 18 21 | 21.6
Fighting       | 2 3 4 6 7 9 12 15 16 17 18 19 | 19.9
Invocations    | 1 5 8 10 12 14 16 18 19 20 21 23 24 25 27 | 27.0
Armour         | 4 7 11 12 15 16 | 16.5
Shields        | 4 8 10 12 15 16 18 | 18.0

Action                     |  1- 3 |  4- 6 |  7- 9 | 10-12 | 13-15 | 16-18 | 19-21 | 22-24 | 25-27 || total
---------------------------+-------+-------+-------+-------+-------+-------+-------+-------+-------++-------
  Melee: Dagger            |    31 |   111 |   331 |   595 |  1344 |  1182 |  1081 |  1349 |  1561 ||  7585
         Bite              |     7 |    37 |   112 |   261 |   672 |   575 |   562 |   753 |  1002 ||  3981
  Throw: Dart              |    11 |       |       |       |     1 |    15 |     2 |       |     1 ||    30
 Invoke: Grand Finale      |       |       |       |     2 |       |     2 |     1 |     1 |     1 ||     7
         Stomp             |       |       |       |     8 |    50 |    23 |    18 |    20 |    31 ||   150
         Line Pass         |       |       |       |       |       |       |     1 |     3 |     1 ||     5
  Evoke: Wand              |       |       |       |       |       |     2 |       |       |       ||     2
    Use: Scroll            |       |    11 |     4 |    11 |    11 |    10 |     6 |     8 |    14 ||    75
         Potion            |       |       |       |     3 |     1 |       |     1 |     5 |    14 ||    24
   Stab: Sleeping          |     9 |    13 |     8 |     7 |    32 |    51 |    64 |    43 |     9 ||   236
         Paralysed         |       |       |     6 |    41 |    94 |    85 |   121 |   123 |   106 ||   576
         Petrified         |       |       |       |     1 |       |       |       |       |       ||     1
         Invisible         |       |       |       |       |     7 |       |       |       |     5 ||    12
         Distracted        |       |       |       |       |     5 |     2 |     9 |     6 |     8 ||    30
         Confused          |       |       |       |       |       |       |       |     4 |     3 ||     7
 Armour: Robe              |    13 |       |       |       |       |       |       |       |       ||    13
         Ring mail         |       |    53 |   185 |   295 |   359 |   331 |   258 |   260 |   395 ||  2136
  Dodge: Dodged            |    10 |    43 |   164 |   285 |   452 |   239 |   258 |   273 |   423 ||  2147
         Repelled          |       |       |       |     5 |    15 |    10 |    15 |       |       ||    45
  Block: Kite shield       |       |       |       |       |   574 |   904 |   592 |   706 |  1003 ||  3779
         Reflection        |       |       |       |       |    41 |    15 |    48 |    62 |    50 ||   216

Table legend: (Time is in decaauts)
 A = Elapsed time spent in this place.
 B = Non-inter-level travel time spent in this place.
 C = Inter-level travel time spent in this place.
 D = Time resting spent in this place.
 E = Time spent auto-exploring this place.
 F = Levels seen in this place.
 G = Mean time per level.
                   A        B        C        D        E       F      G
               +--------+--------+--------+--------+--------+-----+--------+
         Total |  46459 |  39677 |   6782 |   1143 |  29269 |  50 |  929.2 |
       Dungeon |  13628 |  11084 |   2544 |    376 |   8636 |  15 |  908.5 |
        Temple |     30 |     30 |      0 |      0 |      0 |   1 |   30.0 |
          Lair |   4663 |   4077 |    586 |      0 |   3172 |   5 |  932.6 |
         Swamp |   2927 |   2539 |    388 |     93 |   1787 |   4 |  731.8 |
   Spider Nest |   3822 |   3536 |    286 |    122 |   2597 |   4 |  955.5 |
  Orcish Mines |   1610 |   1439 |    171 |      0 |   1141 |   2 |  805.0 |
   Elven Halls |   3178 |   2862 |    316 |      0 |   2063 |   3 | 1059.3 |
        Vaults |   6653 |   5584 |   1069 |     63 |   4207 |   5 | 1330.6 |
        Depths |   4870 |   3921 |    949 |     80 |   2854 |   4 | 1217.5 |
           Zot |   4143 |   3674 |    469 |    409 |   2310 |   5 |  828.6 |
        Wizlab |    658 |    658 |      0 |      0 |    324 |   1 |  658.0 |
      Gauntlet |    271 |    271 |      0 |      0 |    177 |   1 |  271.0 |
               +--------+--------+--------+--------+--------+-----+--------+

Top non-repeatable levels by time:
Vaults:1: 1544 daAuts
Depths:4: 1537 daAuts
    D:15: 1524 daAuts
Depths:3: 1516 daAuts
    D:11: 1427 daAuts
Vaults:4: 1395 daAuts
   Elf:3: 1302 daAuts
Vaults:5: 1294 daAuts
Vaults:3: 1292 daAuts
    D:10: 1274 daAuts
Spider:3: 1138 daAuts
     D:4: 1132 daAuts
Vaults:2: 1126 daAuts
Depths:1: 1109 daAuts
 Swamp:4: 1090 daAuts
